 Dungeon Crawl Stone Soup version 0.28.0-45-g0d030f2227 (webtiles) character file.

Game seed: 7836821430893436010

300 101zpm the Magician (level 6, -2/41 HPs)
             Began as a Djinni Ice Elementalist on Apr 11, 2022.
             Shot with an arrow by a centaur (8 damage)
             ... on level 4 of the Dungeon.
             The game lasted 00:09:29 (4313 turns).

101zpm the Magician (Djinni Ice Elementalist)       Turns: 4313, Time: 00:09:29

Health: -2/41      AC:  3    Str:  7    XL:     6   Next: 64%
Gold:   161        EV: 12    Int: 18    God:
                   SH:  0    Dex: 14

rFire   + + .      SeeInvis .   j - +5 short sword (flame)
rCold   x . .      Faith    .   (no shield)
rNeg    . . .      Spirit   .   a - +0 robe
rPois   ∞          Reflect  .   l - +0 helmet
rElec   .          Harm     .   (no cloak)
rCorr   .          Rampage  .   (no gloves)
Will    .....                   (boots unavailable)
Stlth   ++........              (no amulet)
HPRegen 0.13/turn               (no ring)
MPRegen 0.00/turn               (no ring)

@: flying
A: sickness immunity, fire resistance 2, cold vulnerability 1, float, innate
caster, HP casting, extra vitality 1
a: no special abilities


You were on level 4 of the Dungeon.
You visited 1 branch of the dungeon, and saw 4 of its levels.

You collected 161 gold pieces.

Inventory:

Hand Weapons
 j - a +5 short sword of flaming (weapon)
Missiles
 g - 2 boomerangs
 h - 8 poisoned darts
Armour
 a - a +0 robe (worn)
 l - a +0 helmet (worn)
Scrolls
 b - a scroll of holy word {unknown}
 e - a scroll of acquirement {unknown}
 m - a scroll of amnesia {unknown}
 n - a scroll of fog {unknown}
 o - a scroll of teleportation {unknown}
Potions
 c - a potion of berserk rage {unknown}
 d - 3 potions of heal wounds {unknown}
 f - a potion of degeneration {unknown}
 i - 3 potions of mutation {unknown}
 k - a potion of lignification {unknown}


   Skills:
 + Level 0.8 Fighting
 + Level 2.5 Dodging
 + Level 2.2 Stealth
 + Level 0.2 Unarmed Combat
 + Level 5.4 Spellcasting


You had one spell level left.
You knew the following spells:

 Your Spells              Type           Power      Damage    Failure   Level
a - Freeze                Ice            96%        1d11      1%          1
b - Frozen Ramparts       Ice            48%        1d6       4%          3
c - Ozocubu's Armour      Ice            24%        N/A       4%          3
d - Hailstorm             Conj/Ice       24%        3d7       13%         4
e - Magic Dart            Conj           96%        1d7       1%          1
f - Static Discharge      Conj/Air       24%        N/A       1%          2
Your spell library was empty.

Dungeon Overview and Level Annotations

Branches:
Dungeon (4/15)
 Temple: D:4-7

Altars:


Innate Abilities, Weirdness & Mutations

You are immune to sickness and miasma.
You are immune to poison.
Your flesh is very heat resistant. (rF++)
You are vulnerable to cold. (rC-)
You float through the air rather than walking.
You learn spells naturally, not from books.
Your magical power is your life essence.
You have superior vitality. (+4 MHP)


Message History

The hound is moderately wounded.
Aiming: Magic Dart (safe; 1% risk of failure)
Press: ? - help, Q - select action, (/) - cycle Shift-Dir - straight line, f/p - hound
Aim: a hound (moderately wounded, 100% to hit)
The magic dart hits the hound.
The hound is moderately wounded.
The wall freezes the hound. x2
Casting: Magic Dart (safe; 1% risk of failure)
Confirm with . or Enter, or press ? or * to list all spells.
Aiming: Freeze (safe; 1% risk of failure)
Press: ? - help, Shift-Dir - straight line, f/p - hound
Aim: a hound (severely wounded)
You freeze the hound.
You kill the hound!
The frozen ramparts melt away.
A centaur comes into view.
Casting: Freeze (safe; 1% risk of failure)
Confirm with . or Enter, or press ? or * to list all spells.
Okay, then.
Aiming: Magic Dart (safe; 1% risk of failure)
Press: ? - help, Q - select action, (/) - cycle Shift-Dir - straight line, f - centaur
Aim: a centaur, quivering arrows (wandering, hasn't noticed you, 100% to hit)
The magic dart hits the centaur but does no damage.
The centaur shouts!
The centaur wields a +0 shortbow.
The centaur shoots an arrow.
The arrow barely misses you.
Aiming: Magic Dart (safe; 1% risk of failure)
Press: ? - help, Q - select action, (/) - cycle Shift-Dir - straight line, f/p - centaur
Aim: a centaur, wielding a +0 shortbow and quivering arrows (100% to hit)
The magic dart hits the centaur but does no damage.
The centaur shoots an arrow.
The arrow hits you!
Aiming: Magic Dart (safe; 1% risk of failure)
Press: ? - help, Q - select action, (/) - cycle Shift-Dir - straight line, f/p - centaur
Aim: a centaur, wielding a +0 shortbow and quivering arrows (100% to hit)
The magic dart hits the centaur.
The centaur is lightly wounded.
The centaur shoots an arrow.
The arrow hits you!
* * * LOW HITPOINT WARNING * * *
The centaur shoots an arrow.
The arrow hits you!
You die...

#..........#
#..#.)####..# #.
##†##..##.#
#..#....#.#
#.).[#..#.#
##..##.##.#
.####..#..# #
#..........####.##...
##########..@.†...>c.
#.###.###### #.# .#
#.# .# #.# .# .)# ..
#.# ## #.#


You could see a centaur.

Vanquished Creatures
  An ogre (D:4)
  2 hounds (D:4)
  Jessica (D:2)
  Terence (D:2)
  Robin (D:2)
  2 adders
  2 dart slugs
  4 orcs
  2 bats
  7 endoplasms
  4 giant cockroaches
  10 hobgoblins
  6 kobolds
  A quokka (D:3)
  4 ball pythons
  7 frilled lizards
  10 goblins
  3 rats
68 creatures vanquished.

Notes
Turn   | Place    | Note
-------+----------+-------------------------------------------
     0 | D:1      | 101zpm the Djinni Ice Elementalist began the quest for the
                  | Orb.
     0 | D:1      | Reached XP level 1. HP: 15/15 MP: 0/0
   596 | D:1      | Reached XP level 2. HP: 15/21 MP: 0/0
  1553 | D:2      | Reached XP level 3. HP: 22/25 MP: 0/0
  1553 | D:2      | Learned a level 1 spell: Magic Dart
  1571 | D:2      | Found a faded altar of an unknown god.
  1766 | D:2      | Noticed Robin
  1776 | D:2      | Killed Robin
  1777 | D:2      | Reached skill level 4 in Spellcasting
  2249 | D:3      | Reached XP level 4. HP: 24/31 MP: 0/0
  3524 | D:2      | Noticed Jessica
  3526 | D:2      | Killed Jessica
  3527 | D:2      | Reached XP level 5. HP: 33/35 MP: 0/0
  3527 | D:2      | Learned a level 2 spell: Static Discharge
  3657 | D:2      | Noticed Terence
  3664 | D:2      | Killed Terence
  3918 | D:4      | Noticed an ogre
  3925 | D:4      | Killed an ogre
  3926 | D:4      | Reached skill level 5 in Spellcasting
  3926 | D:4      | Reached XP level 6. HP: 31/41 MP: 0/0
  4313 | D:4      | Shot with an arrow by a centaur

Illustrated notes

Levels and vault maps discovered:
D:1:      beargit_arrival_diablo_church, layout_basic
D:2:      layout_basic, hellmonk_ecumenical_altar_blasted,
          minmay_misc_feat_secret_circle, uniq_terence, uniq_robin, uniq_jessica
D:3:      minmay_spotlight, layout_rooms, mrwooster_statue_mirror
D:4:      layout_loops_ring, minmay_close_crescents

Skill      XL: |  1  2  3  4  5 |
---------------+----------------+-----
Spellcasting   | 4 5 |  5.4
Stealth        | 2 |  2.2
Fighting       | |  0.8
Dodging        | |  2.5
Unarmed Combat | |  0.2

Action                   |  1- 3 |  4- 6 || total
-------------------------+-------+-------++-------
Melee: Unarmed           |    12 |       ||    12
 Cast: Freeze            |    33 |     8 ||    41
       Magic Dart        |    23 |    82 ||   105
       Frozen Ramparts   |     2 |     7 ||     9
Armor: Robe              |     8 |     1 ||     9
Dodge: Dodged            |    13 |     5 ||    18
